 Dungeon Crawl Stone Soup version 0.31-a0-473-g61b50ae490 (webtiles) character file.

Game seed: 10381731152983234074

118171 knightboat the Protected (level 16, -10/91 HPs)
             Began as a Vine Stalker Monk on Aug 7, 2023.
             Was the Champion of Elyvilon.
             Mangled by a +2 trident of pain (15 damage)
             ... while paralysed by an air elemental
             ... on level 2 of the Elven Halls.
             The game lasted 00:46:13 (21309 turns).

knightboat the Protected (Vine Stalker Monk)       Turns: 21309, Time: 00:46:14

Health: -10/91     AC: 18    Str: 15    XL:     16   Next: 76%
Magic:  0/36       EV:  2    Int:  6    God:    Elyvilon [******]
Gold:   2019       SH:  0    Dex: 32    Spells: 28/28 levels left

rFire   + + .        p - +3 scimitar (elec)
rCold   x x .        R - +18 shield of the Gong {Loud rN+ Will+ rCorr EV-5}
rNeg    + . .        U - +3 salamander hide armour {Flames, rFlCloud rF++ rC--}
rPois   .            a - +0 helmet
rElec   +            w - +1 cloak
rCorr   +            D - +1 pair of gloves
SInv    .            (no boots)
Will    +++..        n - amulet "Moorong" {rElec Regen+ Dex+2}
Stlth   ++           j - ring "Icint" {*Slow rElec MP+9 Int-4 Dex+6}
HPRegen 1.95/turn    k - +4 ring of protection
MPRegen 0.25/turn

%: slow self (1%), guardian spirit
@: paralysed
A: fangs 3, regeneration 1, magic shield, antimagic bite, no potion heal 2
a: Renounce Religion, Purification, Heal Other, Heal Self, Divine Vigour


You were on level 2 of the Elven Halls.
You worshipped Elyvilon.
Elyvilon was exalted by your worship.
You visited 6 branches of the dungeon, and saw 24 of its levels.
You also visited: Ossuary and Ice Cave.

You collected 3179 gold pieces.
You spent 1160 gold pieces at shops.

Inventory:

Hand Weapons
 p - a +3 scimitar of electrocution (weapon)
Missiles
 m - 47 poisoned darts
 P - a curare-tipped dart
 Y - a throwing net
Armour
 a - a +0 helmet (worn)
 r - a +2 ring mail of cold resistance
 w - a +1 cloak (worn)
 D - a +1 pair of gloves (worn)
 R - the +18 shield of the Gong (worn) {Loud rN+ Will+ rCorr EV-5}
   (You found it on level 10 of the Dungeon)

   Loud:      It is deafeningly noisy when blocking attacks.
   EV:        It affects your evasion (-5).
   rN:        It protects you from negative energy.
   rCorr:     It protects you from acid and corrosion.
   Will:      It increases your willpower.
 U - the +3 salamander hide armour (worn) {Flames, rFlCloud rF++ rC--}
   (You bought it in a shop on level 11 of the Dungeon)

   Flames:    It surrounds you with flame clouds and enhances your fire magic.
   rFlCloud:  It grants immunity to flame clouds.
   rF:        It greatly protects you from fire.
   rC:        It makes you very vulnerable to cold.
Jewellery
 g - a ring of poison resistance
 j - the ring "Icint" (left hand) {*Slow rElec MP+9 Int-4 Dex+6}
   (You took it off an orc priest on level 2 of the Orcish Mines)

   [ring of dexterity]

   Int:       It affects your intelligence (-4).
   Dex:       It affects your dexterity (+6).
   rElec:     It insulates you from electricity.
   MP:        It affects your magic capacity (+9).
   *Slow:     It may slow you when you take damage.
 k - a +4 ring of protection (right hand)
 n - the amulet "Moorong" (around neck) {rElec Regen+ Dex+2}
   (You found it on level 2 of the Dungeon)

   [amulet of regeneration]

   Dex:       It affects your dexterity (+2).
   rElec:     It insulates you from electricity.
   Regen:     It increases your rate of health regeneration.
 u - an amulet of reflection
 I - a ring of see invisible
Wands
 z - a wand of charming (30)
 C - a wand of iceblast (25)
 G - a wand of polymorph (5)
 K - a wand of mindburst (29)
 O - a wand of flame (27)
 Z - a wand of light (9)
Scrolls
 d - a scroll of silence
 e - 5 scrolls of teleportation
 f - 3 scrolls of summoning
 h - a scroll of amnesia
 i - a scroll of revelation
 q - 7 scrolls of fear
 s - 3 scrolls of vulnerability
 v - 6 scrolls of enchant armour
 y - 6 scrolls of immolation
 J - 4 scrolls of enchant weapon
 L - 3 scrolls of poison
 M - 2 scrolls of identify
 S - a scroll of fog
Potions
 b - 2 potions of cancellation
 c - a potion of ambrosia
 l - 7 potions of lignification
 o - 12 potions of curing
 x - 3 potions of berserk rage
 A - 6 potions of enlightenment
 B - 4 potions of might
 E - 3 potions of brilliance
 F - 3 potions of mutation
 H - 6 potions of attraction
 N - 5 potions of haste
 Q - a potion of magic
Miscellaneous
 V - a sack of spiders
 W - a phantom mirror


   Skills:
 - Level 13.0 Fighting
 - Level 10.0(12.7) Short Blades
 - Level 12.6(14.0) Long Blades
 + Level 13.2 Armour
 - Level 2.4 Dodging
 - Level 5.5 Shields
 - Level 6.8 Spellcasting
 - Level 10.1 Invocations


You had 28 spell levels left.
You didn't know any spells.
Your spell library contained the following spells:

 Spells                   Type           Power      Damage    Failure   Level
 Foxfire                  Conj/Fire      12%        2x1d4     63%         1
 Sandblast                Erth           4%         2d4       63%         1
 Sting                    Tmut/Pois      8%         1d3       63%         1
 Summon Small Mammal      Summ           8%         N/A       63%         1
 Sublimation of Blood     Necr           2%         N/A       77%         2
 Wereblood                Tmut           2%         N/A       77%         2
 Call Canine Familiar     Summ           2%         N/A       94%         3
 Hailstorm                Conj/Ice       2%         3d3       94%         3
 Inner Flame              Hex/Fire       3%         N/A       94%         3
 Summon Guardian Golem    Hex/Summ       2%         N/A       94%         3
 Vhi's Electric Charge    Tloc/Air       4%         N/A       94%         3
 Flame Wave               Conj/Fire      3%         2d5       100%        4
 Iskenderun's Mystic Bla  Conj/Tloc      2%         2d3       100%        4
 Petrify                  Tmut/Erth      2%         N/A       100%        4
 Sticky Flame             Conj/Fire      3%         2d3       100%        4
 Summon Ice Beast         Ice/Summ       2%         N/A       100%        4
 Alistair's Intoxication  Tmut/Pois      1%         N/A       100%        5
 Arcjolt                  Conj/Air       1%         1d11      100%        5
 Borgnjor's Vile Clutch   Necr/Erth      1%         N/A       100%        5
 Fireball                 Conj/Fire      1%         3d3       100%        5
 Irradiate                Conj/Tmut      1%         3d12      100%        5
 Iskenderun's Battlesphe  Conj           2%         2d6       100%        5
 Conjure Ball Lightning   Conj/Air       1%         3x3d6     100%        6
 Simulacrum               Ice/Necr       1%         N/A       100%        6
 Orb of Destruction       Conj           1%         9d5       100%        7
 Maxwell's Capacitive Co  Air            1%         ∞         100%        8
 Fire Storm               Conj/Fire      1%         8d1       100%        9


Dungeon Overview and Level Annotations

Branches:
Dungeon (13/15)            Temple (1/1) D:4            Lair (5/5) D:9
 Shoals (0/4) Lair:2        Snake (1/4) Lair:3        Slime (0/5) Lair:5
    Orc (2/2) D:11            Elf (2/3) Orc:2       Ossuary (visited)
  IceCv (visited)
 Vaults: D:13-14

Altars:
Ashenzari
Cheibriados
Dithmenos
Elyvilon
Fedhas
Gozag
Hepliaklqana
Kikubaaqudgha
Makhleb
Nemelex Xobeh
Okawaru
Qazlal
Ru
Sif Muna
Trog
Uskayaw
Vehumet
Wu Jian
Xom
Yredelemnul
Zin
The Shining One
Jiyva

Shops:
D:3 *   D:5 (   D:11 [(   Orc:2 ?*[?

Annotations:
D:8 2 transporters, exclusion: ice statue, osoart's ghost, novice OpBr
Temple 2 transporters
Lair:5 exclusion: obsidian statue
Elf:2 3 runed translucent doors


Innate Abilities, Weirdness & Mutations

You have razor-sharp teeth.
Your natural rate of healing is unusually fast.
When hurt, damage is shared between your health and your magic reserves.
Your bite disrupts and absorbs the magic of your enemies.
Potions cannot restore your health.


Message History

BONNNG!
You hear a shout! x2
You barely miss the +0 antimagic battleaxe.
You bite the +0 antimagic battleaxe, but do no damage.
The +2 trident of pain hits you from afar!
The air elemental is engulfed in blazing flames.
You block the air elemental's attack.
GONNNNG!
The deep elf archer shoots an arrow.
GONNNNG!
You block the arrow.
You hear a shout! x2
You slash the air elemental!
The air elemental is severely damaged.
The air elemental is engulfed in blazing flames.
You block the air elemental's attack.
BONNNG!
The +2 trident of pain closely misses you.
The air elemental is engulfed in blazing flames.
The air elemental fires a burst of electricity at you.
The stunning burst hits you. You resist.
You suddenly lose the ability to move!
The stunning burst misses the +0 antimagic battleaxe.
The stunning burst hits the +2 trident of pain.
The +2 trident of pain completely resists.
The +0 antimagic battleaxe is engulfed in blazing flames.
The +0 antimagic battleaxe hits you!!
* * * LOW HITPOINT WARNING * * *
You feel your power leaking away.
The +2 trident of pain completely misses you.
The air elemental is engulfed in blazing flames.
You destroy the air elemental!
The deep elf archer shoots an arrow.
The arrow hits you! Elyvilon protects you from harm!
The +0 antimagic battleaxe completely misses you.
You hear a shout! x2
The +2 trident of pain hits you from afar!
* * * LOW HITPOINT WARNING * * *
The +0 antimagic battleaxe is engulfed in blazing flames.
The +0 antimagic battleaxe hits you but does no damage.
The +2 trident of pain hits you from afar!
You die...

,*
#.........###:..,,***,,**
,*
#.../..........#,,,,,,**
,* #.............#**,...**
,* *#.....e......###...#*
,* #............#.#..#* ,*
#......<...[..#..#* ,*
#.)[.............#
,***#..)..>....☼○#...#
,,,,+.........((@☼..#*
,***#..........°°##.#* ,*
##...........#*,,** **
##..........#**,,*
##.........#**++**
******#######..(.#*⌠,,⌠**
,,,*,,#...X#.....#,,,,,,*
,*,*,*.#!#X#..####⌠,,,,⌠**
,,,+,,#..uu+...##,,,,,,,,*


You could see a deep elf archer (repels missiles) and 2 dancing weapons.

Vanquished Creatures
  A deep elf blademaster (Elf:2)
  A deep elf sorcerer (Elf:1)
  2 orc warlords (Orc:2)
  A minotaur (Lair:4)
  4 dire elephants (Lair:5)
  The ghost of Ifupes the Spear-Bearer, a journeyman DsCK of Xom (Lair:3)
  The ghost of bobarctor the Basher, a journeyman DsVM of Dithmenos (Lair:4)
  A yaktaur captain (D:12)
  6 hydras
  4 boulder beetles
  3 centaur warriors (D:12)
  8 two-headed ogres
  5 dancing weapons
  11 death yaks
  6 deep elf knights
  5 orc high priests (Orc:2)
  2 spectral death yaks (Lair:5)
  A spectral anaconda (Lair:5)
  2 skysharks
  3 deep elf archers (Elf:1)
  5 necromancers
  A swamp dragon (shapeshifter) (Elf:1)
  Pikel (D:6)
  9 deep elf pyromancers
  3 orc knights (Orc:2)
  A lindwurm (Lair:3)
  13 deep elf zephyrmancers (Elf:1)
  3 manticores
  4 ugly things
  A faun (shapeshifter) (D:12)
  3 cyclopes
  6 orc sorcerers
  A black mamba (shapeshifter) (Elf:1)
  23 elephants
  5 black mambas
  2 ice statues (IceCv)
  17 cane toads
  Maurice (Orc:1)
  2 vault sentinels (D:10)
  A dire elephant zombie (Lair:5)
  A gargoyle (D:12)
  2 torpor snails
  An unseen horror (D:12)
  4 rime drakes
  A kobold demonologist (D:11)
  A freezing wraith (IceCv)
  10 komodo dragons
  9 trolls
  A wind drake (Lair:2)
  A meliai (D:12)
  A tarantella (shapeshifter) (Elf:1)
  2 hornets (D:7)
  Prince Ribbit (D:5)
  16 blink frogs
  7 polar bears
  6 dream sheep (Lair:5)
  2 slime creatures (D:7)
  A spectral elephant (Lair:5)
  2 air elementals
  A spriggan (shapeshifter) (Elf:1)
  2 shadows
  2 vampires
  A fire elemental (Elf:1)
  3 wyverns
  A water elemental (Elf:1)
  2 wraiths (D:12)
  49 yaks
  A steam dragon (shapeshifter) (Elf:1)
  3 basilisks
  2 dire elephant simulacra (IceCv)
  A vampire mosquito (D:12)
  3 steam dragons
  4 spectral cane toads (Lair:5)
  3 wargs
  11 water moccasins
  4 acid dragons
  4 sky beasts
  3 elephant zombies (Lair:4)
  51 orc warriors
  5 wolves (Lair:1)
  14 ogres
  5 centaurs
  A lemure (D:6)
  2 phantoms (D:6)
  A komodo dragon zombie (Lair:4)
  3 kobold brigands
  Blork the orc (D:4)
  11 bullfrogs
  3 cane toad simulacra
  2 earth elementals
  11 wights (D:8)
  10 killer bees (D:8)
  An elephant simulacrum (IceCv)
  7 howler monkeys
  4 electric eels (Lair:4)
  2 basilisk zombies (Lair:4)
  4 hounds
  30 orc priests
  2 gnoll boudas
  8 jellies
  A jelly (shapeshifter) (Elf:1)
  Crazy Yiuf (D:3)
  Terence (D:3)
  3 iguanas
  Ijyb (D:4)
  23 orc wizards
  2 hell rats (Lair:5)
  2 wolf simulacra (IceCv)
  8 mummies (Ossuary)
  10 gnolls
  6 adders
  8 river rats (Lair:5)
  A shadow imp (D:7)
  A white imp (D:8)
  An ufetubus (D:6)
  A worm (D:4)
  2 dart slugs
  134 orcs
  5 bats
  7 endoplasms
  3 giant cockroaches
  A gnoll zombie (Ossuary)
  5 goblins
  3 hobgoblins
  4 quokkas
  A ball python (shapeshifter) (Elf:1)
  6 ball pythons
  A frilled lizard (D:3)
  3 hobgoblin zombies (Ossuary)
  9 kobolds
  3 kobold zombies (Ossuary)
  An orc zombie (Ossuary)
  5 rats
780 creatures vanquished.

Vanquished Creatures (collateral kills)
  An iguana (D:5)
1 creature vanquished.

Vanquished Creatures (others)
  A deep elf blademaster (Elf:2)
  A water elemental (Elf:1)
  A vampire mosquito (D:12)
  A sky beast (D:11)
4 creatures vanquished.

Grand Total: 785 creatures vanquished

Notes
Turn   | Place    | Note
-------+----------+-------------------------------------------
     0 | D:1      | knightboat the Vine Stalker Monk began the quest for the
                  | Orb.
     0 | D:1      | Reached XP level 1. HP: 11/11 MP: 2/2
   163 | D:1      | Reached XP level 2. HP: 14/16 MP: 3/3
   712 | D:2      | Identified the amulet "Moorong" {rElec Regen+ Dex+2}
   720 | D:2      | Reached XP level 3. HP: 17/17 MP: 4/4
  1322 | D:3      | Found Vaeg's Assorted Antiques.
  1512 | D:3      | Found a runed translucent door.
  1513 | D:3      | Noticed Crazy Yiuf
  1584 | D:3      | Gained mutation: Your natural rate of healing is unusually
                  | fast. [Vine Stalker growth]
  1584 | D:3      | Reached XP level 4. HP: 23/23 MP: 5/5
  1595 | D:3      | Identified the +7 sling of Fae Duty {drain, rF+}
  1635 | D:3      | Noticed Terence
  1661 | D:3      | Killed Terence
  1766 | D:3      | Found a faded altar of an unknown god.
  1952 | D:3      | Found a blossoming altar of Fedhas.
  2590 | D:4      | Reached skill level 5 in Short Blades
  2590 | D:4      | Reached XP level 5. HP: 27/27 MP: 6/6
  2666 | D:4      | Noticed Blork the orc
  2668 | D:4      | Noticed Ijyb
  2676 | D:4      | Killed Blork the orc
  2703 | D:4      | Killed Ijyb
  2704 | D:4      | Reached XP level 6. HP: 31/32 MP: 7/7
  2932 | D:4      | Found a staircase to the Ecumenical Temple.
  3085 | D:5      | Entered Level 5 of the Dungeon
  3237 | D:5      | Noticed Prince Ribbit
  3243 | D:5      | Noticed a yak
  3279 | D:5      | Killed Prince Ribbit
  3280 | D:5      | Reached XP level 7. HP: 26/35 MP: 3/8
  3282 | D:5      | Noticed a yak
  3282 | D:5      | Noticed a yak
  3286 | D:5      | Noticed a yak
  3302 | D:4      | Killed a yak
  3531 | D:5      | Found Fofiptic's Antique Weapon Boutique.
  3551 | D:5      | Found a sand-covered staircase.
  3556 | D:5      | Got the Monograph on Spelunking and Transformation
  3566 | Ossuary  | Entered an ossuary
  3981 | D:5      | Killed a yak
  3982 | D:5      | Gained mutation: You have razor-sharp teeth. [Vine Stalker
                  | growth]
  3982 | D:5      | Reached XP level 8. HP: 36/39 MP: 7/9
  3999 | D:5      | Killed a yak
  4016 | D:5      | Killed a yak
  4238 | D:6      | Reached skill level 10 in Short Blades
  4290 | D:6      | Reached skill level 1 in Spellcasting
  4498 | D:6      | Reached XP level 9. HP: 43/45 MP: 13/13
  4810 | D:6      | Noticed Pikel
  4831 | D:6      | Killed Pikel
  4832 | D:6      | Reached skill level 5 in Fighting
  5124 | D:7      | Noticed a hornet
  5328 | D:7      | Reached skill level 5 in Spellcasting
  5433 | D:7      | Noticed a hornet
  5434 | D:7      | Paralysed by a hornet for 2 turns
  5451 | D:7      | Killed a hornet
  5651 | D:7      | Killed a hornet
  5738 | D:7      | Reached XP level 10. HP: 45/53 MP: 18/20
  5952 | D:7      | Found an iron altar of Okawaru.
  6228 | Temple   | Found a transporter.
  6228 | Temple   | Found a transporter.
  6228 | Temple   | Found a transporter.
  6228 | Temple   | Found a transporter.
  6228 | Temple   | Entered the Ecumenical Temple
  6254 | Temple   | Became a worshipper of Elyvilon the Healer
  6254 | Temple   | Reached * piety under Elyvilon
  6254 | Temple   | Reached ** piety under Elyvilon
  6370 | D:8      | Noticed an ice statue
  6401 | D:8      | Reached skill level 1 in Armour
  6841 | D:8      | Reached skill level 5 in Armour
  7142 | D:8      | Found a transporter.
  7150 | D:8      | Found a transporter.
  7242 | D:8      | Noticed osoart's ghost (novice OpBr)
  7278 | D:8      | Found an ancient bone altar of Kikubaaqudgha.
  7285 | D:8      | Found an opulent altar of Gozag.
  7285 | D:8      | Found a sparkling altar of Nemelex Xobeh.
  7286 | D:8      | Found a shadowy altar of Dithmenos.
  7287 | D:8      | Found a stormy altar of Qazlal.
  7467 | D:9      | Reached XP level 11. HP: 58/58 MP: 19/22
  7559 | D:9      | Noticed a two-headed ogre
  7576 | D:9      | Killed a two-headed ogre
  7684 | D:9      | Found a staircase to the Lair.
  7699 | D:9      | Reached *** piety under Elyvilon
  8117 | D:10     | Entered Level 10 of the Dungeon
  8273 | D:10     | Noticed a two-headed ogre
  8286 | D:10     | Killed a two-headed ogre
  8296 | D:10     | Identified the +12 halberd "Ecsohas" {flame, Contam rC+
                  | Dex+5}
  8520 | D:10     | Found the +18 shield of the Gong {Loud rN+ Will+ rCorr
                  | EV-5}
  8999 | D:11     | Reached **** piety under Elyvilon
  9003 | D:11     | Noticed a cyan ugly thing
  9026 | D:11     | Noticed a red ugly thing
  9031 | D:11     | Noticed a two-headed ogre
  9052 | D:10     | Killed a cyan ugly thing
  9151 | D:11     | Found Qeosey's Weapon Shop.
  9154 | D:11     | Found a staircase to the Orcish Mines.
  9156 | D:11     | Found Juosad's Armour Shop.
  9317 | D:3      | Bought a blackened opal ring for 115 gold pieces
  9317 | D:3      | Bought an embroidered scarf for 184 gold pieces
  9322 | D:3      | Bought a ruby potion for 20 gold pieces
  9322 | D:3      | Bought a fuming white potion for 20 gold pieces
  9322 | D:3      | Bought a brown potion for 20 gold pieces
  9361 | D:3      | Killed Crazy Yiuf
  9592 | D:11     | Noticed a manticore
  9633 | D:11     | Killed a manticore
  9819 | D:11     | Killed a two-headed ogre
  9854 | D:11     | Killed a red ugly thing
  9855 | D:11     | Reached skill level 5 in Shields
  9933 | D:11     | Noticed a soul eater
 10083 | D:11     | Bought the +3 salamander hide armour {Flames, rFlCloud rF++
                  | rC--} for 621 gold pieces
 10083 | D:11     | Found the +3 salamander hide armour {Flames, rFlCloud rF++
                  | rC--}
 10161 | D:11     | Noticed a sixfirhy
 10264 | Orc:1    | Entered Level 1 of the Orcish Mines
 10279 | Orc:1    | Reached XP level 12. HP: 62/63 MP: 23/23
 10385 | Orc:1    | Noticed Maurice
 10393 | Orc:1    | Killed Maurice
 10659 | Orc:1    | Found a frozen archway.
 10666 | IceCv    | Entered an ice cave
 10669 | IceCv    | Found a transporter.
 10696 | IceCv    | Found a transporter.
 11089 | Orc:2    | Entered Level 2 of the Orcish Mines
 11147 | Orc:2    | Reached ***** piety under Elyvilon
 11176 | Orc:2    | Reached skill level 10 in Fighting
 11186 | Orc:2    | Noticed a two-headed ogre
 11207 | Orc:2    | Killed a two-headed ogre
 11242 | Orc:2    | Noticed an orc warlord
 11242 | Orc:2    | Noticed a two-headed ogre
 11251 | Orc:2    | Killed a two-headed ogre
 11267 | Orc:2    | Found Tomufeka's Magic Scroll Boutique.
 11270 | Orc:2    | Found Eprem's Antique Armour Shop.
 11276 | Orc:2    | Reached skill level 1 in Invocations
 11285 | Orc:2    | Killed an orc warlord
 11313 | Orc:2    | Reached XP level 13. HP: 66/74 MP: 24/24
 11471 | Orc:2    | Reached skill level 5 in Invocations
 11936 | Orc:2    | Identified the ring "Icint" {*Slow rElec MP+9 Int-4 Dex+6}
 12030 | Orc:2    | Found a staircase to the Elven Halls.
 12143 | Orc:2    | Noticed an orc warlord
 12174 | Orc:2    | Killed an orc warlord
 12275 | Orc:2    | Found Yrame's Magic Scroll Boutique.
 12339 | Orc:2    | Found Wyxeun's Assorted Antiques.
 12466 | Orc:2    | Reached skill level 10 in Invocations
 12711 | Orc:2    | Bought a scroll of identify for 26 gold pieces
 12711 | Orc:2    | Bought a scroll of identify for 26 gold pieces
 12801 | Orc:2    | Bought a scroll of identify for 32 gold pieces
 12801 | Orc:2    | Bought a scroll of identify for 32 gold pieces
 12801 | Orc:2    | Bought a scroll of identify for 32 gold pieces
 12801 | Orc:2    | Bought a scroll of identify for 32 gold pieces
 13719 | D:12     | Reached skill level 1 in Long Blades
 13817 | D:12     | Identified the +6 quarterstaff of Terror {freeze, rElec
                  | rPois Str+4 Stlth+}
 13966 | D:12     | Noticed a yaktaur captain
 14187 | D:12     | Reached skill level 5 in Long Blades
 14204 | D:12     | Reached XP level 14. HP: 79/79 MP: 25/25
 14918 | Lair:1   | Entered Level 1 of the Lair of Beasts
 15871 | Lair:2   | Reached skill level 10 in Long Blades
 15962 | Lair:2   | Reached ****** piety under Elyvilon
 16060 | Lair:2   | Found a staircase to the Shoals.
 16172 | Lair:2   | Identified the +6 short sword "Yroy" {drain, rPois Str+5
                  | Dex-5 Stlth+}
 16873 | Lair:3   | Reached XP level 15. HP: 81/82 MP: 26/26
 17130 | Lair:3   | Found a staircase to the Snake Pit.
 17380 | Lair:3   | Found a runed translucent gate.
 17380 | Lair:3   | Found a runed translucent gate.
 17380 | Lair:3   | Found a runed translucent gate.
 17382 | Lair:3   | Noticed Ifupes's ghost (journeyman DsCK)
 17422 | Lair:3   | Killed Ifupes's ghost
 17676 | Snake:1  | Entered Level 1 of the Snake Pit
 17863 | Lair:4   | Found a runed translucent gate.
 17865 | Lair:4   | Found a runed translucent gate.
 17866 | Lair:4   | Found a runed translucent gate.
 17866 | Lair:4   | Noticed bobarctor's ghost (journeyman DsVM)
 18674 | Lair:4   | Killed bobarctor's ghost
 18803 | Lair:5   | Entered Level 5 of the Lair of Beasts
 18939 | Lair:5   | Reached skill level 10 in Armour
 19081 | Lair:5   | Found a viscous altar of Jiyva.
 19110 | Lair:5   | Found a staircase to the Slime Pits.
 19367 | Lair:5   | Reached XP level 16. HP: 90/90 MP: 27/27
 19643 | Lair:5   | Got Muapad's Quarto of Fever and Transmutation
 20256 | Elf:1    | Entered Level 1 of the Elven Halls
 20423 | Elf:1    | You fall into a shaft and drop 1 floor!
 21104 | Elf:1    | Got the Vellum of Energy
 21279 | Elf:2    | Found a runed translucent gate.
 21279 | Elf:2    | Found a runed translucent gate.
 21279 | Elf:2    | Found a runed translucent gate.
 21279 | Elf:2    | Noticed a tentacled monstrosity
 21280 | Elf:2    | Noticed a tentacled monstrosity
 21280 | Elf:2    | Noticed a tentacled monstrosity
 21295 | Elf:2    | Noticed a deep elf blademaster
 21298 | Elf:2    | Noticed a deep elf blademaster
 21301 | Elf:2    | Killed a deep elf blademaster
 21306 | Elf:2    | Killed a deep elf blademaster
 21308 | Elf:2    | Paralysed by an air elemental for 1 turns
 21308 | Elf:2    | Elyvilon protects you from harm!
 21309 | Elf:2    | Mangled by a +2 trident of pain

Illustrated notes

Levels and vault maps discovered:
D:1:      nicolae_arrival_washed_ashore, layout_basic, minivault_19,
          dreamdust_princess_bridge, serial_park_tiny_pond
D:2:      layout_basic
D:3:      layout_loops_ring, fedhas_altar_fruit_tree,
          ebering_ecumenical_altar_sacrificial, serial_shops, shop,
          minmay_strange_pillars, uniq_crazy_yiuf_cottage, uniq_terence
D:4:      layout_loops_cross, minmay_temple_entry_from_below_b,
          uniq_blork_the_orc, uniq_ijyb
D:5:      layout_basic, serial_shops, shop, enter_ossuary_5, minivault_26,
          kennysheep_donut, uniq_prince_ribbit1
D:6:      layout_loops_corners, uniq_pikel
D:7:      cheibrodos_fertilizer, layout_gridville,
          hellmonk_okawaru_the_only_friend_you_need
D:8:      layout_cave_pools, minitemple, nzn_ghost_randoct,
          chequers_serial_rivers_room_a, hangedman_minor_gate_pass
D:9:      layout_roguey, lair_entry_dummy
D:10:     layout_loops_ring, kennysheep_pointless_box,
          hellmonk_guarded_unrand_gong
D:11:     layout_small_grid, orc_david_3, hangedman_misty_isle
D:12:     minmay_connected_boxes_in_corner, layout_stronghold, uniq_psyche
D:13:     layout_roguey [special_room_orc], drop_trap, minmay_alternating_orb,
          uniq_jorgrun
Temple:   hellmonk_temple_divided_pantheon
Lair:1:   layout_cave_pods, serial_bayou_shore_b
Lair:2:   layout_small_grid, minmay_shoals_entry_beasts
Lair:3:   layout_regular_city, dummy_snake_entry, ebering_ghost_rock_garden,
          chequers_serial_rivers_large_a, grunt_megastairs_3
Lair:4:   pond_and_an_island_with_a_cottage, layout_cave_pods,
          maelrawn_ghost_gauntlet_escape, minmay_stone_trees_medium
Lair:5:   due_jungle_book, layout_misc_corridors, slime_entry_1,
          kennysheep_rathole, lemuel_fruit_tree
Snake:1:  layout_cave_pods, uniq_aizul, uniq_asterion
Orc:1:    layout_caves, portal_ice_cave_rime, uniq_maurice
Orc:2:    pubby_orc_utopia, serial_shops
Elf:1:    eino_elf_arrival_customs, layout_loops_cross, minmay_elf_sorcery,
          nicolae_elf_shapeshifter_party
Elf:2:    nicolae_elf_blades_splatter_lattice
          [nicolae_blade_entry_floor_patterns], layout_gridlike,
          ploomutoo_gammafunk_ghost_potion_laboratory,
          nicolae_elf_big_sculpture_3, nicolae_elf_martial_mastery, uniq_norris

Skill      XL: |  1  2  3  4  5  6  7  8  9 10 11 12 13 14 15 16 |
---------------+-------------------------------------------------+-----
Short Blades   | 3 4 5 7 8 10 | 10.0
Fighting       | 3 6 7 11 12 13 | 13.0
Spellcasting   | 2 6 |  6.8
Armour         | 6 9 10 13 | 13.2
Shields        | 5 |  5.5
Invocations    | 4 10 | 10.1
Long Blades    | 5 11 12 | 12.6
Dodging        | |  2.4

Action                     |  1- 3 |  4- 6 |  7- 9 | 10-12 | 13-15 | 16-18 || total
---------------------------+-------+-------+-------+-------+-------+-------++-------
  Melee: Short sword       |    99 |    22 |   272 |  1126 |   236 |       ||  1755
         Bite              |    36 |    29 |   149 |   566 |   348 |    87 ||  1215
         Dagger            |       |    62 |    22 |       |       |       ||    84
         Long sword        |       |       |       |       |   436 |   167 ||   603
         Scimitar          |       |       |       |       |       |    41 ||    41
   Fire: Sling             |       |    29 |    52 |       |       |       ||    81
 Invoke: Divine Vigour     |       |       |       |       |     1 |       ||     1
  Evoke: Wand              |       |     4 |       |     5 |       |       ||     9
    Use: Scroll            |       |       |       |    19 |    11 |     6 ||    36
         Potion            |       |       |       |     1 |     1 |       ||     2
   Stab: Distracted        |       |     1 |       |       |     2 |       ||     3
 Armour: Robe              |     8 |       |       |       |       |       ||     8
         Ring mail         |     1 |    51 |    71 |   246 |       |       ||   369
         Leather armour    |       |       |       |    16 |   164 |    36 ||   216
  Dodge: Dodged            |    37 |    41 |    85 |   238 |    87 |    24 ||   512
  Block: Kite shield       |       |       |       |   442 |   785 |   280 ||  1507

Table legend: (Time is in decaauts)
 A = Elapsed time spent in this place.
 B = Non-inter-level travel time spent in this place.
 C = Inter-level travel time spent in this place.
 D = Time resting spent in this place.
 E = Time spent auto-exploring this place.
 F = Levels seen in this place.
 G = Mean time per level.
                   A        B        C        D        E       F      G
               +--------+--------+--------+--------+--------+-----+--------+
         Total |  20339 |  17919 |   2420 |    265 |  12918 |  26 |  782.3 |
       Dungeon |  11308 |   9572 |   1736 |    127 |   6989 |  13 |  869.8 |
        Temple |     45 |     36 |      9 |      0 |      0 |   1 |   45.0 |
          Lair |   5219 |   4829 |    390 |      5 |   3888 |   5 | 1043.8 |
     Snake Pit |      1 |      1 |      0 |      0 |      0 |   1 |    1.0 |
  Orcish Mines |   2406 |   2125 |    281 |      0 |   1359 |   2 | 1203.0 |
   Elven Halls |   1037 |   1034 |      3 |    133 |    568 |   2 |  518.5 |
       Ossuary |    216 |    216 |      0 |      0 |    113 |   1 |  216.0 |
      Ice Cave |    102 |    102 |      0 |      0 |      0 |   1 |  102.0 |
               +--------+--------+--------+--------+--------+-----+--------+

Top non-repeatable levels by time:
   Orc:2: 1711 daAuts
    D:11: 1279 daAuts
    D:12: 1265 daAuts
     D:3: 1206 daAuts
  Lair:4: 1193 daAuts
  Lair:5: 1173 daAuts
     D:6: 1109 daAuts
  Lair:3: 1004 daAuts
     D:7: 968 daAuts
     D:8: 937 daAuts
   Elf:1: 929 daAuts
  Lair:1: 928 daAuts
  Lair:2: 919 daAuts
    D:10: 918 daAuts
     D:5: 886 daAuts
